Map: Ciężka Artyleria ER

Players

Siberin

  • Race: Protoss Protoss
  • Spawn Location: 3:00

Alexxsto

  • Race: Protoss Protoss
  • Spawn Location: 1:00

Esharell - Winner!

  • Race: Zerg Zerg
  • Spawn Location: 7:00

Legol - Winner!

  • Race: Protoss Protoss
  • League: Gold
  • Spawn Location: 7:00

VOD

Have the link to the VOD?

Description

Time

  • Played on: Jan. 4, 2020, 6:53 p.m.
  • Length: 22:37
Show
View Real Time Build Order
Export as new Build Order

Siberin Protoss 

Build Orders:  

Get SALT Encoding   

  12  0:01  Probe  
  13  0:13  Probe  
  14  0:23  Pylon  
  14  0:25  Probe  
  15  0:41  Probe (Chrono Boost)  
  15  0:42  Gateway  
  16  0:49  Assimilator  
  16  0:53  Probe (Chrono Boost)  
  17  0:59  Probe (Chrono Boost)  
  18  1:07  Probe  
  19  1:12  Pylon  
  19  1:19  Probe  
  20  1:37  Cybernetics Core  
  20  1:43  Gateway  
  20  1:51  Gateway  
  20  1:54  Pylon  
  20  1:57  Assimilator  
  20  1:59  Probe  
  21  2:11  Probe  
  22  2:19  Warp Gate (Chrono Boost)  
  22  2:23  Probe  
  22  2:28  Stalker  
  25  2:30  Stalker  
  25  2:35  Gateway  
  27  2:43  Stalker  
  29  3:05  Stalker x2  
  33  3:41  Pylon  
  33  3:50  Pylon  
  33  3:59  Stalker  
  33  4:00  Stalker x3  
  41  4:25  Stalker  
  41  4:26  Stalker x2  
  41  4:30  Stalker  
  25  5:30  Stalker x3  
  25  5:31  Stalker  
  33  5:58  Probe (Chrono Boost)  
  33  6:01  Nexus  
  34  6:06  Zealot x2  
  34  6:08  Probe (Chrono Boost)  
  39  6:12  Zealot  
  39  6:13  Probe (Chrono Boost)  
  42  6:24  Probe  
  43  6:26  Pylon  
  41  6:36  Probe  
  40  6:49  Shield Battery  
  40  6:51  Shield Battery  
  40  7:18  Probe (Chrono Boost)  
  41  7:28  Probe (Chrono Boost), Nexus  
  42  7:33  Probe (Chrono Boost)  
  42  7:35  Pylon  
  43  7:44  Probe  
  43  7:56  Probe  
  44  8:03  Stargate  
  44  8:04  Stargate  
  44  8:06  Stargate  
  44  8:11  Probe (Chrono Boost)  
  46  8:20  Probe (Chrono Boost)  
  46  8:23  Probe (Chrono Boost)  
  46  8:26  Assimilator  
  47  8:28  Probe (Chrono Boost)  
  47  8:30  Probe (Chrono Boost)  
  47  8:31  Assimilator  
  47  8:33  Probe (Chrono Boost)  
  50  8:45  Probe  
  51  8:49  Void Ray  
  51  8:50  Void Ray  
  51  8:52  Void Ray  
  63  8:57  Probe  
  64  9:03  Forge  
  64  9:21  Shield Battery  
  64  9:22  Shield Battery  
  64  9:27  Shield Battery  
  64  9:29  Shield Battery  
  64  9:32  Pylon x2  
  64  9:36  Void Ray x3  
  76  9:44  Probe (Chrono Boost)  
  77  9:54  Probe (Chrono Boost)  
  77  9:59  Probe (Chrono Boost)  
  78  10:04  Photon Cannon  
  79  10:10  Probe  
  80  10:14  Photon Cannon  
  80  10:22  Void Ray x2  
  80  10:23  Probe, Void Ray  
  93  10:29  Photon Cannon  
  93  10:30  Photon Cannon  
  93  10:32  Assimilator, Photon Cannon  
  93  10:33  Photon Cannon  
  93  10:34  Photon Cannon  
  93  10:35  Assimilator  
  93  10:48  Shield Battery  
  93  10:51  Shield Battery  
  93  10:52  Shield Battery  
  93  10:54  Shield Battery  
  93  11:08  Void Ray x2  
  93  11:09  Stargate x2, Void Ray  
  105  11:25  Fleet Beacon  
  105  11:27  Protoss Air Weapons Level 1 (Chrono Boost)  
  105  11:53  Zealot x2  
  109  12:26  Pylon  
  109  12:28  Pylon  
  109  12:30  Pylon  
  109  12:32  Pylon  
  109  12:34  Pylon  
  109  12:44  Void Ray x2  
  109  12:46  Void Ray x2  
  109  12:47  Unknown  
  109  12:48  Probe, Void Ray  
  130  12:57  Protoss Shields Level 1 (Chrono Boost)  
  130  13:00  Probe  
  131  13:12  Probe  
  132  13:24  Probe  
  133  13:28  Protoss Air Armor Level 1  
  133  13:36  Probe  
  134  13:42  Carrier x2  
  146  13:51  Pylon  
  146  13:53  Pylon  
  146  13:55  Pylon  
  146  13:57  Pylon  
  146  14:09  Void Ray, Carrier  
  156  14:11  Carrier  
  161  14:29  Mothership (Chrono Boost)  
  169  15:53  Photon Cannon  
  169  15:55  Photon Cannon  
  169  15:57  Photon Cannon  
  169  15:59  Photon Cannon  
  169  16:02  Photon Cannon  
  169  16:05  Photon Cannon, Shield Battery  
  169  16:11  Nexus  
  169  16:12  Shield Battery  
  169  16:14  Shield Battery  
  169  16:15  Pylon  
  169  16:17  Pylon, Shield Battery  
  169  16:19  Pylon, Shield Battery  
  169  16:23  Pylon  
  169  16:25  Pylon  
  169  16:27  Pylon  
  101  17:19  Void Ray x2  
  101  17:20  Void Ray x3  
  113  17:34  Photon Cannon  
  113  17:35  Photon Cannon  
  113  17:36  Photon Cannon  
  113  17:38  Photon Cannon  
  113  17:39  Photon Cannon x2  
  113  17:47  Photon Cannon  
  113  17:49  Photon Cannon  
  113  17:50  Photon Cannon  
  113  17:55  Photon Cannon  
  113  19:01  Assimilator  
  113  19:07  Assimilator  
  112  19:23  Void Ray x5  
  132  19:46  Protoss Air Weapons Level 2  
  132  20:01  Zealot x3  
  132  20:02  Zealot  
Show
View Real Time Build Order
Export as new Build Order

Alexxsto Protoss 

Build Orders: Zealot Archon 

Get SALT Encoding   

  12  0:01  Probe  
  13  0:18  Pylon  
  13  0:19  Probe  
  14  0:31  Probe  
  15  0:43  Probe  
  16  0:55  Probe  
  17  1:00  Pylon  
  17  1:02  Pylon  
  16  1:33  Gateway  
  16  1:37  Assimilator  
  16  1:41  Nexus  
  16  1:43  Probe  
  17  1:55  Probe  
  17  1:56  Assimilator  
  18  2:09  Gateway x2  
  18  2:21  Probe (Chrono Boost)  
  19  2:32  Probe (Chrono Boost)  
  19  2:35  Cybernetics Core  
  20  2:37  Probe (Chrono Boost)  
  20  2:43  Pylon  
  21  2:48  Zealot  
  23  2:59  Probe  
  24  3:07  Warp Gate (Chrono Boost)  
  24  3:08  Probe  
  24  3:11  Probe  
  26  3:14  Pylon  
  26  3:20  Probe  
  26  3:23  Probe  
  26  3:26  Twilight Council  
  28  3:33  Probe  
  28  3:34  Pylon  
  29  3:35  Probe  
  30  3:50  Probe x2  
  30  3:55  Assimilator  
  32  3:59  Assimilator  
  32  4:05  Probe (Chrono Boost), Dark Shrine  
  34  4:10  Probe (Chrono Boost)  
  34  4:16  Probe (Chrono Boost)  
  35  4:18  Probe (Chrono Boost)  
  35  4:22  Probe (Chrono Boost)  
  35  4:23  Probe (Chrono Boost)  
  38  4:52  Probe x2  
  40  5:04  Probe x2  
  42  5:07  Pylon  
  42  5:16  Probe  
  42  5:18  Dark Templar  
  42  5:19  Dark Templar x2  
  49  5:26  Robotics Facility  
  49  5:57  Pylon  
  49  6:28  Dark Templar  
  49  6:29  Dark Templar x2  
  49  7:04  Immortal (Chrono Boost), Robotics Bay  
  53  7:27  Forge  
  53  7:36  Warp Prism  
  55  7:38  Archon  
  55  7:46  Dark Templar x2  
  55  7:47  Dark Templar  
  55  8:35  Dark Templar  
  55  8:38  Colossus  
  63  8:55  Stargate  
  63  8:57  Nexus, Stargate  
  63  9:01  Pylon  
  63  9:03  Pylon  
  63  9:05  Pylon  
  63  9:06  Pylon  
  63  9:10  Assimilator  
  63  9:12  Assimilator  
  63  9:19  Stargate  
  63  9:22  Pylon  
  63  9:23  Pylon  
  63  9:25  Pylon  
  63  9:30  Photon Cannon  
  63  9:32  Photon Cannon  
  63  9:33  Photon Cannon  
  63  9:36  Photon Cannon, Stalker x3  
  69  9:39  Shield Battery  
  69  9:41  Shield Battery  
  69  9:44  Probe, Shield Battery  
  69  9:45  Probe  
  71  9:47  Shield Battery  
  71  9:57  Probe x2  
  73  10:07  Dark Templar  
  75  10:09  Probe x2  
  75  10:13  Dark Templar  
  79  10:17  Dark Templar  
  75  10:46  Probe (Chrono Boost)  
  75  10:49  Void Ray x2  
  84  10:56  Probe (Chrono Boost)  
  85  11:00  Photon Cannon  
  85  11:01  Probe (Chrono Boost)  
  86  11:05  Adept x2  
  86  11:06  Adept, Photon Cannon  
  86  11:07  Colossus, Pylon  
  98  11:11  Pylon  
  98  11:12  Probe  
  99  11:22  Blink  
  99  11:24  Extended Thermal Lance  
  99  11:27  Void Ray  
  95  11:44  Dark Templar x3  
  64  12:11  Void Ray x3 (Chrono Boost)  
  68  12:26  Dark Templar x3  
  74  12:50  Void Ray  
  74  12:51  Void Ray x2  
  86  12:59  Dark Templar  
  86  13:00  Dark Templar x2  
  92  13:33  Void Ray  
  90  13:35  Void Ray  
  93  13:45  Archon  
  93  13:54  Templar Archives  
  93  13:57  Gateway  
  93  13:59  Gateway  
  93  14:09  Protoss Air Weapons Level 1 (Chrono Boost)  
  93  14:22  Pylon  
  93  14:23  Pylon  
  93  14:25  Pylon  
  93  14:27  Pylon  
  93  14:40  Void Ray x2  
  93  14:41  Void Ray  
  105  14:52  Pylon  
  105  15:10  Colossus  
  111  15:33  Void Ray x2  
  119  15:54  Dark Templar x2  
  123  16:02  Psionic Storm  
  105  17:07  Void Ray x3  
  57  18:02  Nexus  
  57  19:06  Void Ray  
  57  19:08  Void Ray  
  65  19:47  Void Ray  
  65  19:49  Void Ray  
  72  20:10  High Templar  
  72  20:11  High Templar  
  72  20:13  High Templar  
  72  20:14  High Templar  
  80  20:24  High Templar  
  82  20:54  High Templar  
  84  21:05  Phoenix  
  84  21:06  Zealot  
  84  21:07  Zealot x3  
  92  22:12  Archon x2  
  92  22:13  Archon  
Show
View Real Time Build Order
Export as new Build Order

Esharell Zerg - Winner!

Build Orders: Pool First 

Get SALT Encoding   

  12  0:01  Drone  
  13  0:15  Overlord  
  13  0:19  Drone  
  14  0:34  Drone x2  
  16  0:38  Drone  
  17  0:48  Spawning Pool  
  17  0:49  Drone  
  17  0:52  Extractor  
  16  0:59  Drone  
  17  1:25  Overlord  
  17  1:52  Queen  
  17  1:53  Zergling x6  
  22  1:54  Hatchery  
  21  2:07  Drone  
  22  2:19  Drone  
  22  2:22  Metabolic Boost  
  23  2:37  Queen  
  23  2:41  Drone x2  
  27  2:59  Drone  
  27  3:00  Drone  
  29  3:09  Drone x3  
  29  3:10  Drone  
  29  3:11  Overlord  
  33  3:13  Pneumatized Carapace  
  33  3:34  Drone x3  
  33  3:35  Drone  
  37  3:50  Lair  
  36  3:56  Drone x3  
  36  3:57  Drone x4  
  36  4:00  Extractor  
  42  4:03  Extractor  
  41  4:15  Hatchery  
  40  4:19  Zergling x2  
  40  4:20  Zergling x4  
  43  4:39  Zergling x4  
  41  4:46  Zergling x10  
  41  4:51  Zergling x2  
  44  4:57  Queen  
  43  5:01  Zergling x2  
  40  5:07  Zergling x4  
  40  5:08  Zergling x4  
  40  5:23  Zergling x4  
  42  5:32  Queen  
  44  5:43  Hatchery  
  43  5:53  Overlord x3  
  43  5:54  Overlord x3  
  43  5:58  Drone  
  43  6:20  Overseer  
  37  6:26  Spore Crawler  
  19  6:40  Zergling x6  
  19  6:41  Zergling x8  
  26  6:52  Queen  
  26  6:53  Queen  
  30  6:55  Queen  
  32  7:06  Hydralisk Den  
  32  7:07  Drone x3  
  34  7:08  Drone x2  
  34  7:09  Drone x6  
  42  7:17  Overseer  
  42  7:21  Drone  
  42  7:22  Drone x5  
  48  7:25  Spine Crawler  
  48  7:28  Drone  
  48  7:32  Spore Crawler  
  47  7:46  Drone  
  47  7:47  Drone x4  
  52  7:53  Drone x3  
  55  8:03  Hydralisk  
  55  8:04  Hydralisk x4  
  65  8:13  Spine Crawler  
  58  8:33  Hydralisk x8  
  74  8:41  Queen  
  76  8:51  Drone x4  
  76  8:54  Drone x3  
  76  8:55  Drone  
  84  9:07  Drone  
  84  9:08  Drone x2  
  87  9:10  Extractor  
  87  9:15  Overlord x2  
  87  9:17  Drone x5  
  91  9:31  Spine Crawler  
  90  9:32  Hydralisk  
  90  9:33  Hydralisk x3  
  99  9:38  Drone  
  99  9:41  Zergling x2  
  99  9:42  Zergling x14  
  107  9:56  Overlord x5  
  107  10:03  Overlord x2  
  107  10:15  Evolution Chamber x2  
  107  10:19  Drone x3  
  107  10:20  Drone x3  
  111  10:23  Extractor x2  
  109  10:36  Hydralisk x7  
  109  10:41  Drone  
  109  10:42  Drone x2  
  126  11:00  Hydralisk  
  126  11:01  Hydralisk x5  
  138  11:13  Zerg Missile Weapons Level 1  
  138  11:14  Zerg Ground Armor Level 1  
  138  11:22  Queen  
  140  11:26  Zergling x2  
  140  11:27  Zergling x6  
  140  11:31  Hatchery  
  142  11:46  Hydralisk x6  
  142  11:47  Hydralisk  
  151  12:12  Overlord x6  
  151  12:18  Overseer x4  
  151  12:39  Infestation Pit  
  151  12:41  Zergling x2  
  151  12:42  Zergling x26  
  166  13:11  Zerg Ground Armor Level 2, Zerg Missile Weapons Level 2  
  166  13:18  Spire  
  163  13:54  Overlord x2  
  163  13:55  Overlord x2  
  163  13:56  Hatchery  
  163  14:00  Hive  
  163  14:01  Hydralisk  
  163  14:02  Hydralisk x14  
  192  14:31  Corruptor  
  192  14:32  Corruptor x3  
  196  15:15  Spine Crawler  
  196  15:16  Spore Crawler  
  196  15:18  Corruptor x4  
  199  15:35  Zerg Missile Weapons Level 3  
  199  15:36  Zerg Ground Armor Level 3  
  199  15:43  Spine Crawler  
  198  15:51  Queen  
  200  16:01  Greater Spire  
  200  16:15  Hatchery  
  151  16:48  Corruptor x14  
  151  16:49  Corruptor x3  
  134  17:09  Corruptor x4  
  128  17:20  Corruptor  
  128  17:21  Corruptor  
  132  17:41  Drone x3  
  135  17:46  Queen  
  135  17:49  Overseer x2  
  139  17:58  Brood Lord  
  139  17:59  Spine Crawler x2  
  139  18:00  Spine Crawler  
  136  18:33  Spore Crawler  
  135  18:36  Drone x4  
  135  18:37  Corruptor  
  135  18:38  Corruptor x4  
  149  19:12  Brood Lord x5  
  149  19:13  Brood Lord  
  161  19:20  Drone x3  
  161  19:21  Extractor  
  163  19:24  Extractor  
  158  19:41  Corruptor x4  
  166  19:50  Drone x3  
  169  19:53  Corruptor  
  169  19:58  Zerg Flyer Weapons Level 1  
  171  20:11  Corruptor  
  171  20:12  Corruptor  
  175  20:17  Corruptor  
  177  20:24  Corruptor x2  
  181  20:34  Corruptor x2  
  184  20:54  Corruptor x4  
  192  21:09  Corruptor x2  
  196  21:25  Corruptor x2  
Show
View Real Time Build Order
Export as new Build Order

Legol Protoss - Winner!

Build Orders:  

Get SALT Encoding   

  12  0:01  Probe  
  13  0:13  Probe  
  14  0:19  Pylon  
  14  0:25  Probe  
  15  0:37  Probe (Chrono Boost)  
  15  0:38  Gateway  
  16  0:47  Assimilator  
  16  0:49  Probe (Chrono Boost)  
  17  1:23  Zealot (Chrono Boost)  
  19  1:28  Cybernetics Core  
  19  1:30  Pylon  
  19  1:32  Gateway  
  19  1:41  Probe  
  20  1:53  Probe  
  20  1:54  Assimilator  
  21  2:05  Probe  
  22  2:17  Probe (Chrono Boost)  
  23  2:24  Nexus  
  23  2:29  Probe (Chrono Boost)  
  24  2:30  Warp Gate  
  24  2:38  Probe (Chrono Boost)  
  24  2:42  Stalker  
  27  2:56  Stalker  
  29  3:07  Probe  
  30  3:13  Pylon  
  30  3:19  Probe  
  31  3:31  Probe  
  31  3:32  Stalker x2 (Chrono Boost)  
  36  3:44  Probe  
  37  3:54  Twilight Council  
  37  4:03  Probe x2  
  37  4:07  Pylon  
  39  4:15  Probe x2, Gateway  
  41  4:18  Gateway  
  41  4:25  Stalker x2  
  41  4:26  Blink (Chrono Boost)  
  41  4:27  Probe x2  
  47  4:39  Probe x2  
  49  4:49  Stalker  
  49  4:50  Stalker  
  49  5:14  Stalker  
  49  5:15  Stalker x3  
  57  5:25  Probe x2  
  59  5:30  Assimilator  
  59  5:35  Assimilator  
  59  5:37  Probe x2  
  59  5:49  Probe (Chrono Boost), Forge  
  61  5:52  Probe (Chrono Boost)  
  61  6:01  Probe (Chrono Boost)  
  61  6:04  Pylon  
  62  6:06  Pylon  
  62  6:09  Pylon  
  62  6:12  Pylon  
  62  6:21  Nexus  
  62  6:22  Probe  
  62  6:24  Photon Cannon  
  62  6:25  Assimilator  
  63  6:27  Photon Cannon  
  63  6:34  Photon Cannon  
  63  6:38  Photon Cannon  
  63  6:53  Nexus  
  63  6:56  Stalker x4  
  71  7:02  Probe x2  
  71  7:07  Protoss Ground Weapons Level 1 (Chrono Boost)  
  73  7:14  Probe x2  
  75  7:26  Probe x2  
  75  7:27  Pylon  
  75  7:28  Stalker x4  
  85  7:31  Pylon  
  85  7:37  Templar Archives  
  85  7:44  Probe x2  
  87  7:56  Probe x2  
  89  8:00  Forge  
  89  8:03  Stalker  
  89  8:04  Stalker x3  
  97  8:07  Probe  
  97  8:08  Probe  
  97  8:09  Probe  
  100  8:16  Assimilator  
  100  8:19  Probe  
  101  8:33  Probe  
  101  8:34  Probe x2  
  104  8:42  Gateway  
  104  8:44  Gateway  
  104  8:46  Probe x2 (Chrono Boost), Gateway  
  104  8:47  Probe (Chrono Boost), Gateway  
  107  8:48  Protoss Ground Armor Level 1 (Chrono Boost)  
  107  8:50  Gateway  
  110  8:56  Probe x3 (Chrono Boost)  
  110  8:57  High Templar x2  
  110  8:58  High Templar x2  
  110  9:00  Probe x2 (Chrono Boost)  
  110  9:01  Archon x2  
  120  9:10  Photon Cannon  
  120  9:15  Photon Cannon  
  120  9:30  High Templar  
  120  9:31  High Templar  
  124  9:39  Pylon  
  124  9:40  Pylon, Archon  
  124  9:41  Pylon  
  124  9:57  High Templar  
  124  9:58  High Templar x5  
  124  9:59  High Templar  
  138  10:01  Archon  
  138  10:02  Archon x2  
  138  10:03  Zealot x2  
  142  10:27  Gateway  
  142  10:30  Gateway  
  142  10:33  Gateway  
  142  10:35  Gateway  
  140  10:36  Pylon  
  140  10:43  High Templar x4  
  140  10:49  Archon x2  
  148  10:54  Pylon  
  148  10:56  Pylon  
  148  10:58  Pylon  
  148  10:59  Zealot x4  
  156  11:05  Protoss Ground Weapons Level 2 (Chrono Boost)  
  156  11:06  Protoss Ground Armor Level 2 (Chrono Boost)  
  156  11:16  Photon Cannon  
  156  11:20  Photon Cannon  
  156  11:21  Photon Cannon  
  156  11:22  Photon Cannon  
  132  12:14  High Templar x4  
  132  12:15  High Templar x5  
  146  12:17  Zealot  
  146  12:22  Archon x4  
  152  12:44  Nexus, Pylon  
  152  12:47  Assimilator  
  152  12:50  Pylon  
  152  12:51  Assimilator  
  152  12:52  Pylon  
  152  12:53  Pylon  
  152  12:55  Pylon  
  152  12:57  Pylon  
  152  13:00  High Templar x5  
  152  13:01  Pylon  
  162  13:06  Pylon, Archon x2  
  162  13:13  Archon, Charge (Chrono Boost)  
  162  13:55  High Templar x5  
  168  13:59  Archon x2  
  172  14:05  Photon Cannon  
  172  14:08  Photon Cannon  
  172  14:11  Photon Cannon  
  172  14:14  Photon Cannon  
  172  14:19  Photon Cannon  
  172  14:21  Photon Cannon  
  172  14:23  Photon Cannon  
  172  14:47  Nexus  
  172  14:49  Pylon  
  172  14:51  Assimilator x2  
  172  14:52  Pylon  
  172  14:53  Pylon  
  172  14:57  Pylon  
  170  15:44  Protoss Ground Armor Level 3 (Chrono Boost), Protoss Ground Weapons Level 3 (Chrono Boost)  
  170  15:55  High Templar x4  
  170  15:56  High Templar  
  180  15:58  High Templar x5  
  180  15:59  High Templar x3  
  180  16:01  Archon x2  
  180  16:02  Archon x3  
  180  16:03  Archon  
  196  16:13  Pylon  
  196  16:15  Pylon  
  196  16:18  Photon Cannon  
  196  16:19  Photon Cannon  
  196  16:22  Photon Cannon  
  196  16:24  Photon Cannon  
  196  16:25  Photon Cannon  
  196  16:28  Photon Cannon  
  196  16:29  Photon Cannon  
  196  16:31  Photon Cannon  
  196  16:32  Archon  
  196  16:34  Nexus  
  196  16:37  Assimilator  
  196  16:40  Assimilator  
  196  16:43  Pylon  
  196  16:46  Pylon  
  182  16:52  Pylon  
  154  17:20  High Templar x4  
  154  17:21  High Templar x6  
  154  17:22  High Templar x3  
  180  17:24  Archon x2  
  180  17:25  Archon x3  
  180  17:26  Archon  
  180  18:09  Nexus  
  180  18:10  Zealot x5  
  190  18:13  Assimilator  
  190  18:17  Assimilator  
  190  18:20  Pylon  
  190  18:24  Pylon  
  190  18:25  High Templar x4  
  190  18:26  High Templar  
  200  18:29  Pylon  
  200  18:37  Archon x2  
  200  18:40  Photon Cannon  
  200  18:43  Photon Cannon  
  200  18:47  Photon Cannon  
  200  18:51  Photon Cannon  
  200  18:53  Photon Cannon  
  200  18:54  Archon, Photon Cannon  
  200  18:58  Protoss Shields Level 1 (Chrono Boost)  
  200  19:00  Photon Cannon  
  200  19:19  Photon Cannon  
  200  19:22  Photon Cannon  
  200  19:24  Photon Cannon  
  200  19:28  Photon Cannon  
  200  19:31  Photon Cannon  
  200  19:33  Photon Cannon  
  200  19:39  Photon Cannon  
  200  19:40  Photon Cannon  
  200  19:44  Photon Cannon  
  200  19:45  Photon Cannon  
  200  19:48  Pylon  
  200  20:05  Gateway  
  200  20:07  Gateway  
  200  20:09  Gateway  
  200  20:15  Gateway  
  200  20:17  Gateway  
  157  21:27  High Templar  
  157  21:28  High Templar x6  
  157  21:29  High Templar x6  
  157  21:30  High Templar x2  
  179  21:39  Archon  
  179  21:40  Archon x3  
  179  21:41  Archon x3  
  179  21:53  Gateway  
  178  21:58  Gateway  
  178  22:01  Gateway  
  160  22:29  High Templar  
  162  22:30  High Templar x7  
Tags
 
Add a new tag
Caveats
  • Supply blocks, unpowered buildings, or Contaminate may cause inaccurate times.
  • Supply counts are checked every 10 seconds.